 Dungeon Crawl Stone Soup version 0.29.1-12-g30fa7ad0bf (webtiles) character file.

Game seed: 16281161617076418827

669 Linkola the Covered (level 7, -1/60 HPs)
             Began as a Minotaur Fighter on Jan 8, 2023.
             Slain by a gnoll
             ... wielding a +0 spear
             ... led by a gnoll bouda
              (3 damage)
             ... on level 5 of the Dungeon.
             The game lasted 00:09:42 (4429 turns).

Linkola the Covered (Minotaur Fighter)              Turns: 4429, Time: 00:09:45

Health: -1/60      AC: 10    Str: 23    XL:     7   Next: 32%
Magic:  6/6        EV: 10    Int:  5    God:
Gold:   312        SH:  0    Dex:  9    Spells: 6/6 levels left

rFire   + . .      SeeInvis .   o - +2 quarterstaff (chaos)
rCold   . . .      Faith    .   (shield currently unavailable)
rNeg    . . .      Spirit   .   b - +0 scale mail
rPois   .          Reflect  .   (helmet restricted)
rElec   +          Harm     .   p - +2 cloak {Will+}
rCorr   .          Rampage  .   (no gloves)
Will    +....                   (no boots)
Stlth   ..........              (no amulet)
HPRegen 0.20/turn               f - ring of protection from fire
MPRegen 0.10/turn               (no ring)

@: no status effects
A: horns 2, retaliatory headbutt, electricity resistance, noise suppression
a: no special abilities


You were on level 5 of the Dungeon.
You visited 2 branches of the dungeon, and saw 6 of its levels.

You collected 312 gold pieces.

Inventory:

Hand Weapons
 a - a +0 war axe of protection
 o - a +2 quarterstaff of chaos (weapon)
Missiles
 g - 4 curare-tipped darts (quivered)
 m - 5 poisoned darts
Armour
 b - a +0 scale mail (worn)
 c - a +1 buckler
 p - a +2 cloak of willpower (worn)
Jewellery
 e - an amulet of faith
 f - a ring of protection from fire (left hand)
Wands
 j - a wand of mindburst (12)
Scrolls
 i - 2 scrolls of brand weapon
 k - a scroll of teleportation
 n - 6 scrolls of identify
Potions
 d - 2 potions of might
 h - a potion of heal wounds
 l - 3 potions of curing


   Skills:
 + Level 4.7 Fighting
 + Level 5.1 Axes
 + Level 2.6 Staves
 * Level 2.8 Throwing
 + Level 5.7 Armour
 + Level 1.3 Dodging
 + Level 4.0 Shields
 * Level 2.4 Evocations


You had 6 spell levels left.
You didn't know any spells.
Your spell library contained the following spells:

 Spells                   Type           Power      Damage    Failure   Level
 Ozocubu's Armour         Ice            0%         N/A       98%         3
 Ozocubu's Refrigeration  Ice            0%         4d7       100%        7


Dungeon Overview and Level Annotations

Branches:
Dungeon (5/15)             Temple (1/1) D:4

Altars:
Ashenzari
Cheibriados
Dithmenos
Elyvilon
Fedhas
Gozag
Kikubaaqudgha
Makhleb
Okawaru
Ru
Sif Muna
Trog
Uskayaw
Vehumet
Xom
Yredelemnul
Zin
The Shining One

Annotations:
D:3 3 runed translucent doors, EarthwalkerPL's ghost, amateur MiFi


Innate Abilities, Weirdness & Mutations

You have a pair of horns on your head.
You reflexively headbutt those who attack you in melee.
You are resistant to electric shocks. (rElec)
You passively dampen the noise of your surroundings.


Message History

The gnoll hits you from afar with a +0 spear.
The gnoll hits you with a +0 flail. The gnoll closely misses you.
You furiously retaliate!
You headbutt the gnoll. The gnoll hits you with a +0 club.
You closely miss the gnoll.
The gnoll is heavily wounded.
The gnoll hits you from afar with a +0 spear.
The gnoll hits you with a +0 flail.
* * * LOW HITPOINT WARNING * * *
The gnoll misses you. The gnoll hits you but does no damage.
The gnoll barely misses you.
Aiming: Mindburst
Press: ? - help, Shift-Dir - straight line, f - gnoll
Aim: a gnoll, wielding a +0 club (covering ground quickly, chance to affect: 81%)
The gnoll's mind is blasted!!
You blow up the gnoll!
The gnoll completely misses you. The gnoll barely misses you.
The gnoll hits you from afar with a +0 spear.
* * * LOW HITPOINT WARNING * * *
Aiming: Mindburst
Press: ? - help, Shift-Dir - straight line, f - gnoll
Aim: a gnoll, wielding a +0 flail (covering ground quickly, chance to affect: 81%)
The gnoll barely resists.
The gnoll hits you with a +0 flail.
* * * LOW HITPOINT WARNING * * *
The gnoll barely misses you. The gnoll hits you but does no damage.
The gnoll attacks as you move away! The gnoll hits you but does no damage.
You hit the gnoll but do no damage.
The gnoll is poisoned.
The gnoll is no longer moving quickly.
The gnoll hits you but does no damage. The gnoll hits you with a +0 flail!
* * * LOW HITPOINT WARNING * * *
You sock the gnoll! Lightning courses through the gnoll!
You kill the gnoll!
The gnoll hits you but does no damage. The gnoll barely misses you.
You thump the gnoll! You freeze the gnoll.
You headbutt the gnoll, but do no damage.
The gnoll is almost dead.
You kill the gnoll!
The gnoll hits you but does no damage.
The gnoll hits you from afar with a +0 spear.
You die...

.. ##..... ###+# .
....... .....
....... ....
#..... #..# #.....
#..# ##.....##..#
......g#...# ....
#....))@..#.......
#.....#)..#......
#.....##..#.....
###### #..##..#
#..##..##
+.......#
#......># .
#.......# ..
#..##..##### ...


You could see a gnoll (swift).

Vanquished Creatures
  An ogre (D:4)
  3 scorpions
  A howler monkey (D:4)
  A gnoll bouda (D:5)
  A hound (D:5)
  Crazy Yiuf (D:3)
  2 orc priests (D:4)
  Natasha (thrice) (D:3)
  5 adders
  4 gnolls (D:5)
  4 worms
  2 dart slugs
  8 orcs
  6 ball pythons
  4 bats
  4 endoplasms
  A giant cockroach (D:2)
  5 goblins
  4 hobgoblins
  4 kobolds
  2 quokkas
  A frilled lizard (D:3)
  4 rats
71 creatures vanquished.

Notes
Turn   | Place    | Note
-------+----------+-------------------------------------------
     0 | D:1      | Linkola the Minotaur Fighter began the quest for the Orb.
     0 | D:1      | Reached XP level 1. HP: 19/19 MP: 0/0
   288 | D:1      | Reached XP level 2. HP: 27/27 MP: 1/1
   923 | D:2      | Found a faded altar of an unknown god.
  1154 | D:2      | Reached XP level 3. HP: 33/33 MP: 2/2
  1708 | D:3      | Noticed Natasha
  1717 | D:3      | Killed Natasha
  1718 | D:3      | Reached skill level 1 in Throwing
  1718 | D:3      | Reached skill level 1 in Evocations
  1718 | D:3      | Reached XP level 4. HP: 32/40 MP: 3/3
  1754 | D:3      | Noticed Natasha
  1759 | D:3      | Killed Natasha
  1760 | D:3      | Reached skill level 1 in Dodging
  1793 | D:3      | Noticed Natasha
  1799 | D:3      | Killed Natasha
  1800 | D:3      | Reached XP level 5. HP: 41/46 MP: 4/4
  1831 | D:3      | Found a glowing silver altar of Zin.
  1986 | D:3      | Gained mutation: You are resistant to electric shocks.
                  | (rElec) [potion of mutation]
  1986 | D:3      | Gained mutation: You passively dampen the noise of your
                  | surroundings. [potion of mutation]
  2038 | D:3      | Found a runed translucent gate.
  2038 | D:3      | Noticed EarthwalkerPL's ghost (amateur MiFi)
  2039 | D:3      | Found a runed translucent gate.
  2039 | D:3      | Identified the +9 dagger "Sarcophage" {flame, Str+4}
  2039 | D:3      | Identified the +1 scale mail of the Dwarven Hall {rPois
                  | Str+4 Dex+4}
  2040 | D:3      | Found a runed translucent gate.
  2302 | D:3      | Found a runed translucent door.
  2303 | D:3      | Noticed Crazy Yiuf
  2515 | D:3      | Killed Crazy Yiuf
  3085 | D:4      | Found a white marble altar of Elyvilon.
  3126 | D:4      | Reached skill level 5 in Armour
  3161 | D:4      | Reached XP level 6. HP: 44/52 MP: 5/5
  3501 | D:4      | Reached skill level 1 in Staves
  3712 | D:4      | Reached skill level 5 in Axes
  3776 | D:4      | Reached XP level 7. HP: 37/60 MP: 6/6
  3779 | D:4      | Found a staircase to the Ecumenical Temple.
  3788 | Temple   | Entered the Ecumenical Temple
  4165 | D:4      | Found an ancient bone altar of Kikubaaqudgha.
  4165 | D:4      | Found a burning altar of Makhleb.
  4310 | D:5      | Entered Level 5 of the Dungeon
  4427 | D:5      | HP: 2/60 [gnoll/+0 flail[a gnoll bouda] (9)]
  4429 | D:5      | Slain by a gnoll

Illustrated notes

Levels and vault maps discovered:
D:1:      lightli_arrival_statue_moat, layout_loops_cross, serial_aquarium,
          aquarium_bridge_straight [aquarium_subvault_bridge,
          aquarium_subvault_wall, aquarium_subvault_bridge,
          aquarium_subvault_wall], aquarium_bridge_long_joined
          [aquarium_subvault_bridge, aquarium_subvault_wall,
          aquarium_subvault_bridge, aquarium_subvault_bridge,
          aquarium_subvault_bridge, aquarium_subvault_bridge],
          aquarium_window_fake, aquarium_window_corridor_1, aquarium_view_2f,
          grunt_decor_arrowhead, dreamdust_wishing_well
D:2:      layout_basic, nicolae_ecumenical_oubliette
D:3:      layout_loops_ring, overflow_temple_1_default,
          biasface_ghost_orc_armoury, uniq_natasha, uniq_crazy_yiuf_cottage
D:4:      layout_cave_pools, amcnicky_altar_gilded,
          mainiacjoe_overflow_divided_tiny, minmay_temple_entry_ruins,
          grunt_ministairs_11, st_stairs_7
D:5:      layout_gridville, overflow_temple_1_default,
          lemuel_coloured_pillars_altar, portal_sewer_entry_f
Temple:   eino_temple_water

Skill      XL: |  1  2  3  4  5  6  7 |
---------------+----------------------+-----
Fighting       | 4 |  4.7
Armour         | 4 5 |  5.7
Axes           | 3 4 5 |  5.1
Throwing       | 1 2 |  2.8
Evocations     | 1 2 |  2.4
Dodging        | 1 |  1.3
Staves         | 1 2 |  2.6
Shields        | 4 |  4.0

Action                   |  1- 3 |  4- 6 |  7- 9 || total
-------------------------+-------+-------+-------++-------
Melee: War axe           |    59 |    52 |       ||   111
       Headbutt          |     7 |    15 |     1 ||    23
       Quarterstaff      |       |    33 |    12 ||    45
Throw: Stone             |     3 |    17 |       ||    20
Evoke: Wand              |       |       |     3 ||     3
  Use: Scroll            |     6 |     5 |       ||    11
       Potion            |       |     1 |       ||     1
Armor: Scale mail        |    27 |    28 |     9 ||    64
Dodge: Dodged            |    26 |    41 |    21 ||    88
Block: Buckler           |    12 |     8 |       ||    20
